 Dungeon Crawl Stone Soup version 0.26-b1-32-g5d43845318 (webtiles) character file.

Game seed: 17387990537547338750

99837 Arum the Warrior (level 15, -10/132 HPs)
             Began as a Demonspawn Gladiator on Jan 7, 2021.
             Was an Elder of Qazlal.
             Mangled by a moth of wrath (16 damage)
             ... on level 1 of the Spider Nest.
             The game lasted 01:29:09 (32727 turns).

Arum the Warrior (Demonspawn Gladiator)            Turns: 32727, Time: 01:29:10

Health: -10/132    AC: 23    Str: 22    XL:     15   Next: 78%
Magic:  0/22       EV:  8    Int: 13    God:    Qazlal [****..]
Gold:   1772       SH:  0    Dex: 19    Spells: 14/14 levels left

rFire    . . .     SeeInvis .   V - +2 long sword (vorpal)
rCold    . . .     Faith    .   K - +0 buckler
rNeg     + . .     Spirit   +   y - +1 shadow dragon scales of Existentialism {Dex+3 Stlth++++} (curse)
rPois    .         Reflect  .   H - +2 hat
rElec    .         Harm     .   Z - +0 cloak
rCorr    .         Rampage  .   (gloves unavailable)
Will     +....                  X - +1 pair of boots "Aweots" {Slay+3}
Stlth    ++........             t - amulet of magic regeneration
HPRegen  0.32/turn              p - ring of positive energy
MPRegen  0.61/turn              h - +6 ring of strength

@: berserk cooldown, held, slowed, repel missiles, very slow
A: claws 3, molten scales 1, powered by death 2, magic shield, magic
regeneration, magic link
a: Renounce Religion, Upheaval, Elemental Force


You were on level 1 of the Spider Nest.
You worshipped Qazlal.
Qazlal was greatly pleased with you.
You visited 4 branches of the dungeon, and saw 23 of its levels.
You also visited: Gauntlet.

You collected 2701 gold pieces.
You spent 929 gold pieces at shops.

Inventory:

Hand Weapons
 n - a +1 antimagic falchion
 V - a +2 vorpal long sword (weapon)
Missiles
 d - 7 throwing nets (quivered)
 g - 28 javelins
Armour
 o - the -4 helmet of Hide-and-Seek {Will++}
   (You found it on level 15 of the Dungeon)

   It affects your willpower, your defense against some magical effects.
 r - a +0 kite shield
 y - the cursed +1 shadow dragon scales of Existentialism (worn) {Dex+3 Stlth++++}
   (You found it on level 5 of the Lair of Beasts)

   It affects your dexterity (+3).
   It makes you much more stealthy.
   It has a curse placed upon it.
 H - a +2 hat (worn)
 K - a +0 buckler (worn)
 X - the +1 pair of boots "Aweots" (worn) {Slay+3}
   (You bought it in a shop on level 2 of the Orcish Mines)

   It affects your accuracy and damage with ranged weapons and melee attacks
   (+3).
 Z - a +0 cloak (worn)
Jewellery
 h - a +6 ring of strength (right claw)
 j - an uncursed ring of magical power
 p - a ring of positive energy (left claw)
 t - an amulet of magic regeneration (around neck)
 v - a +6 ring of intelligence
 S - a cursed -4 ring of evasion {unknown}
Wands
 a - a wand of acid (5)
 J - a wand of digging (9)
 L - a wand of random effects (18)
 N - a wand of paralysis (5)
Scrolls
 b - 3 scrolls of magic mapping
 f - 3 scrolls of identify
 k - a scroll of acquirement
 l - 6 scrolls of amnesia
 q - 14 scrolls of teleportation
 w - 6 scrolls of fog
 A - 3 scrolls of enchant armour
 B - a scroll of holy word
 E - 8 scrolls of remove curse
 F - 6 scrolls of immolation
 O - a scroll of silence
 P - 5 scrolls of vulnerability
 R - 3 scrolls of fear
 T - 2 scrolls of random uselessness
 Y - a scroll of summoning
Potions
 c - 3 potions of magic
 e - a potion of curing
 i - 4 potions of lignification
 m - 3 potions of brilliance
 s - 5 potions of heal wounds
 u - 4 potions of attraction
 x - a potion of invisibility
 z - 2 potions of mutation
 C - 2 potions of berserk rage
 D - a potion of flight
 G - a potion of resistance
 I - 3 potions of might
 M - 2 potions of haste
Miscellaneous
 Q - a box of beasts
 U - a tin of tremorstones (2/2)


   Skills:
 + Level 16.3 Fighting
 - Level 14.0 Long Blades
 - Level 1.7 Throwing
 + Level 10.3 Armour
 - Level 10.0 Dodging
 - Level 4.0 Shields
 - Level 2.0 Unarmed Combat
 - Level 10.0 Invocations


You had 14 spell levels left.
You didn't know any spells.
Your spell library contained the following spells:

 Spells                   Type           Power        Failure   Level
 Animate Skeleton         Necr           0%           88%         1
 Apportation              Tloc           0%           88%         1
 Corona                   Hex            0%           88%         1
 Foxfire                  Conj/Fire      0%           88%         1
 Magic Dart               Conj           0%           88%         1
 Shock                    Conj/Air       0%           88%         1
 Summon Small Mammal      Summ           0%           88%         1
 Blink                    Tloc           N/A          95%         2
 Call Imp                 Summ           0%           95%         2
 Ensorcelled Hibernation  Hex/Ice        0%           95%         2
 Slow                     Hex            0%           95%         2
 Swiftness                Air            0%           95%         2
 Confusing Touch          Hex            0%           99%         3
 Conjure Flame            Conj/Fire      0%           99%         3
 Dazzling Flash           Conj/Hex       0%           99%         3
 Inner Flame              Hex/Fire       0%           99%         3
 Mephitic Cloud           Conj/Pois/Air  0%           99%         3
 Static Discharge         Conj/Air       0%           99%         3
 Tukima's Dance           Hex            0%           99%         3
 Airstrike                Air            0%           100%        4
 Cause Fear               Hex            0%           100%        4
 Sticky Flame             Conj/Fire      0%           100%        4
 Bolt of Magma            Conj/Fire/Erth 0%           100%        5
 Fireball                 Conj/Fire      0%           100%        5
 Iskenderun's Battlesphe  Conj           0%           100%        5
 Lightning Bolt           Conj/Air       0%           100%        5
 Silence                  Hex/Air        0%           100%        5
 Summon Demon             Summ           0%           100%        5
 Summon Forest            Summ/Tloc      0%           100%        5
 Summon Mana Viper        Hex/Summ       0%           100%        5
 Yara's Violent Unravell  Hex/Tmut       0%           100%        5
 Iron Shot                Conj/Erth      0%           100%        6
 Shadow Creatures         Summ           N/A          100%        6
 Orb of Destruction       Conj           0%           100%        7
 Spellforged Servitor     Conj/Summ      0%           100%        7
 Summon Hydra             Summ           0%           100%        7
 Discord                  Hex            0%           100%        8
 Ignition                 Fire           0%           100%        8
 Shatter                  Erth           0%           100%        9
 Tornado                  Air            0%           100%        9


Dungeon Overview and Level Annotations

Branches:
Dungeon (15/15)            Temple (0/1) D:4            Lair (5/6) D:8
 Shoals (0/4) Lair:4       Spider (1/4) Lair:2        Slime (0/5) Lair:5
    Orc (2/2) D:11            Elf (0/3) Orc:2        Vaults (0/5) D:13
 Depths (0/5) D:15        Gauntlet (visited)

Altars:
Ashenzari
Cheibriados
Gozag
Hepliaklqana
Makhleb
Nemelex Xobeh
Okawaru
Qazlal
Ru
Sif Muna
Wu Jian
Beogh

Shops:
D:4 :   D:7 !?:(   D:9 *(   D:10 !   D:14 (   Orc:1 [   Orc:2 [([*:

Annotations:
D:4 2 transporters, Gauvater's ghost, amateur OpBr


Innate Abilities, Weirdness & Mutations

You have claws for hands.
You are partially covered in molten scales. (AC +2)
You regenerate health from kills.
When hurt, damage is shared between your health and your magic reserves.
You regenerate magic rapidly.
When low on magic, you restore magic in place of health.


Message History

You slash the jumping spider!
The jumping spider is moderately wounded.
You block the jumping spider's attack.
Unknown command.
You feel better. The redback barely misses you.
You block the jumping spider's attack. The jumping spider misses you.
The redback bites you!
* * * LOW HITPOINT WARNING * * *
The jumping spider misses you. You block the jumping spider's attack.
The moth of wrath barely misses you.
You riposte.
You barely miss the moth of wrath.
The moth of wrath is almost dead.
The redback bites you.
* * * LOW HITPOINT WARNING * * *
The jumping spider pounces on you!!
* * * LOW HITPOINT WARNING * * *
You are caught in a web!
The jumping spider bites you but does no damage.
The moth of wrath bites you!
You die...

######
#....###..
#§§†^..$..
#ys## ##@.#
#####
#####>s##
#...###..##.##
#.......#°.##
#..#..^#####
##.#...#
##..##.##
##..#####
#.###..##


You could see a moth of wrath, a jumping spider (berserk) and a redback
(berserk).

Vanquished Creatures
  Gastronok (D:9)
  An orc warlord (Orc:1)
  A minotaur (Gauntlet)
  A dire elephant (D:15)
  Snorg (D:13)
  A death ooze (Gauntlet)
  Josephine (D:10)
  A yaktaur captain (D:13)
  Harold (D:9)
  Erolcha (D:13)
  5 hydras
  3 boulder beetles
  A catoblepas (D:15)
  A two-headed ogre (D:12)
  A centaur warrior (D:13)
  A death knight (D:15)
  2 death yaks (D:8)
  A queen ant (Gauntlet)
  3 orc high priests
  A sixfirhy (Gauntlet)
  9 skeletal warriors
  2 unseen horrors
  6 orc knights
  12 ugly things
  A wolf spider zombie (D:15)
  4 wolf spiders
  A deep elf mage (D:14)
  An orb spider (Spider:1)
  4 orc sorcerers (Orc:2)
  3 cyclopes
  4 oklob plants (Lair:5)
  3 manticores
  A naga mage (D:15)
  A centaur zombie (D:11)
  2 black mambas (Lair:3)
  Joseph (D:10)
  Maurice (D:8)
  5 elephants
  13 cane toads
  3 rime drakes
  12 komodo dragons
  2 demonic crawlers (Lair:2)
  2 ice devils (D:15)
  A freezing wraith (D:15)
  2 yaktaurs (D:13)
  5 jumping spiders (Spider:1)
  3 meliai (D:15)
  7 trolls
  A polar bear (shapeshifter) (D:15)
  A polar bear (Lair:1)
  2 hornets
  10 slime creatures
  A dream sheep (shapeshifter) (D:15)
  A wind drake (Lair:4)
  12 blink frogs
  A raiju (shapeshifter) (D:14)
  7 dream sheep (Lair:4)
  11 tarantellas
  A wyvern (Lair:3)
  14 redbacks
  2 shadows
  9 wraiths
  66 yaks
  Eustachio (D:6)
  A basilisk (D:14)
  A neqoxec (Gauntlet)
  3 vampire mosquitoes (D:15)
  A chaos spawn (Gauntlet)
  A warg (Orc:2)
  6 soldier ants (Gauntlet)
  5 water moccasins
  Duvessa (D:7)
  2 acid dragons
  38 orc warriors
  3 ice beasts
  3 sky beasts
  7 phantoms
  6 wolves (Lair:4)
  2 eyes of draining
  14 ogres
  15 centaurs
  7 big kobolds
  17 bullfrogs
  5 gnoll sergeants (D:10)
  Dowan (D:7)
  A wyvern skeleton (D:14)
  6 scorpions
  14 killer bees
  15 wights
  A howler monkey (D:6)
  A quasit (D:5)
  3 bullfrog zombies
  6 hounds
  3 bullfrog skeletons
  9 jellies
  28 orc priests
  7 centaur skeletons
  3 gnoll shamans
  2 iguanas
  23 orc wizards
  11 worker ants
  6 hell rats (Lair:3)
  2 hound zombies
  A worker ant zombie (D:11)
  11 adders
  45 gnolls
  A howler monkey skeleton (D:6)
  3 river rats (D:8)
  3 shadow imps
  2 white imps
  4 ufetubi
  4 oozes
  An adder zombie (D:5)
  4 dart slugs
  2 worms (D:3)
  6 leopard geckos
  114 orcs
  3 ball pythons
  5 bats
  9 giant cockroaches
  34 goblins
  29 hobgoblins
  8 jackals
  12 quokkas
  8 frilled lizards
  A jackal skeleton (D:3)
  44 kobolds
  9 rats
923 creatures vanquished.

Vanquished Creatures (collateral kills)
  A fire dragon (D:14)
  A death yak (D:7)
  A leopard gecko (D:8)
3 creatures vanquished.

Vanquished Creatures (others)
  A bush (Lair:5)
  4 demonic plants (Gauntlet)
  20 fungi
  91 plants
116 creatures vanquished.

Grand Total: 1042 creatures vanquished

Notes
Turn   | Place    | Note
-------+----------+-------------------------------------------
     0 | D:1      | Arum the Demonspawn Gladiator began the quest for the Orb.
     0 | D:1      | Reached XP level 1. HP: 16/16 MP: 1/1
   141 | D:1      | Gained mutation: When hurt, damage is shared between your
                  | health and your magic reserves. [demonic ancestry]
   141 | D:1      | Reached XP level 2. HP: 16/22 MP: 2/2
   530 | D:1      | You fall into a shaft and drop 1 floor!
   550 | D:2      | Reached skill level 1 in Armour
   703 | D:2      | Found a stormy altar of Qazlal.
   725 | D:2      | Became a worshipper of Qazlal Stormbringer
   815 | D:1      | Gained mutation: You regenerate a little health from kills.
                  | [demonic ancestry]
   815 | D:1      | Reached XP level 3. HP: 23/28 MP: 3/3
  1224 | D:2      | Found an ornate altar of the Wu Jian Council.
  1462 | D:2      | Noticed a phantom
  1531 | D:2      | Killed a phantom
  1532 | D:2      | Reached skill level 3 in Fighting
  1532 | D:2      | Gained mutation: You have sharp fingernails. [demonic
                  | ancestry]
  1532 | D:2      | Reached XP level 4. HP: 24/35 MP: 4/4
  1613 | D:2      | Gained mutation: You regenerate magic rapidly. [demonic
                  | ancestry]
  1613 | D:2      | Reached XP level 5. HP: 41/41 MP: 5/5
  2700 | D:3      | Reached * piety under Qazlal
  2795 | D:3      | Reached skill level 4 in Fighting
  2795 | D:3      | Gained mutation: You have very sharp fingernails. [demonic
                  | ancestry]
  2795 | D:3      | Reached XP level 6. HP: 48/48 MP: 6/6
  3343 | D:3      | Found a faded altar of an unknown god.
  3491 | D:4      | Reached skill level 1 in Unarmed Combat
  3744 | D:4      | Noticed Gauvater's ghost (amateur OpBr)
  3745 | D:4      | Found a transporter.
  3745 | D:4      | Identified the cursed +1 great mace "Heced" {vamp, rC+
                  | Will- SInv}
  3748 | D:4      | Found a transporter.
  3972 | D:4      | Found a staircase to the Ecumenical Temple.
  3991 | D:4      | Reached XP level 7. HP: 55/55 MP: 7/7
  4000 | D:4      | You fall into a shaft and drop 1 floor!
  4000 | D:5      | Entered Level 5 of the Dungeon
  4155 | D:5      | Reached ** piety under Qazlal
  4247 | D:5      | Reached skill level 5 in Long Blades
  4267 | D:5      | Reached skill level 5 in Fighting
  4525 | D:5      | Gained mutation: When low on magic, you restore magic in
                  | place of health. [demonic ancestry]
  4525 | D:5      | Reached XP level 8. HP: 17/63 MP: 3/8
  4816 | D:4      | Found Gasaixuth's Book Shop.
  4888 | D:4      | Identified the cursed +1 leather armour "Daulit" {rPois}
  5290 | D:4      | Reached *** piety under Qazlal
  5953 | D:4      | Reached skill level 5 in Armour
  6311 | D:4      | Got an ichor-stained scale mail
  6314 | D:4      | Identified the +3 scale mail of Cocytus {Int+3} (You found
                  | it on level 4 of the Dungeon)
  6440 | D:4      | Reached skill level 6 in Fighting
  6746 | D:5      | Found a hazy altar of Hepliaklqana.
  6761 | D:5      | Found a broken altar of Ashenzari.
  7026 | D:6      | Found a snail-covered altar of Cheibriados.
  7485 | D:6      | Noticed Eustachio
  7505 | D:6      | Reached **** piety under Qazlal
  7542 | D:6      | Killed Eustachio
  7543 | D:6      | Reached skill level 1 in Invocations
  7543 | D:6      | Gained mutation: You are partially covered in molten
                  | scales. (AC +2) [demonic ancestry]
  7543 | D:6      | Reached XP level 9. HP: 70/71 MP: 9/9
  7753 | D:6      | Found an opulent altar of Gozag.
  7893 | D:6      | Reached skill level 7 in Fighting
  8355 | D:7      | Found Edulaj's Book Shop.
  8461 | D:7      | Found Wywutz's Distillery.
  8465 | D:7      | Found Lenedioh's Magic Scroll Emporium.
  8468 | D:7      | Bought a potion of mutation for 120 gold pieces
  8468 | D:7      | Bought a potion of degeneration for 15 gold pieces
  8468 | D:7      | Bought a potion of heal wounds for 75 gold pieces
  8483 | D:7      | Bought a scroll of holy word for 97 gold pieces
  8483 | D:7      | Bought a scroll of enchant armour for 97 gold pieces
  8539 | D:7      | Noticed Dowan
  8542 | D:7      | Noticed Duvessa
  8565 | D:7      | Killed Duvessa
  8581 | D:7      | Killed Dowan
  8603 | D:7      | Reached skill level 5 in Dodging
  8738 | D:7      | Found a burning altar of Makhleb.
  8738 | D:7      | Found a snail-covered altar of Cheibriados.
  8913 | D:7      | Found Itrugadgh's Weapon Emporium.
  9023 | D:7      | Bought a potion of berserk rage for 75 gold pieces
  9023 | D:7      | Bought a potion of flight for 45 gold pieces
  9233 | D:8      | Reached ***** piety under Qazlal
  9263 | D:8      | Noticed a death yak
  9264 | D:8      | Noticed a death yak
  9265 | D:8      | Noticed a death yak
  9268 | D:8      | Noticed Maurice
  9341 | D:7      | Killed a death yak
  9342 | D:7      | Reached skill level 8 in Fighting
  9342 | D:7      | Reached skill level 5 in Invocations
  9611 | D:8      | Reached XP level 10. HP: 71/80 MP: 2/13
  9660 | D:8      | Found a staircase to the Lair.
  9730 | D:8      | Killed Maurice
 10034 | D:8      | Killed a death yak
 10091 | D:8      | Killed a death yak
 10349 | D:9      | Found Maukutao's Weapon Emporium.
 10505 | D:9      | Reached skill level 9 in Fighting
 10542 | D:9      | Found an iron altar of Okawaru.
 10901 | D:9      | Noticed Harold
 10932 | D:9      | Killed Harold
 10933 | D:9      | Gained mutation: You regenerate health from kills. [demonic
                  | ancestry]
 10933 | D:9      | Reached XP level 11. HP: 43/89 MP: 13/17
 11169 | D:9      | Found Zukoun's Assorted Antiques.
 11174 | D:9      | Bought a bubbling ruby potion for 21 gold pieces
 11258 | D:9      | Found Ogij's Antique Armour Emporium.
 11282 | D:10     | Entered Level 10 of the Dungeon
 11283 | D:10     | Noticed Josephine
 11292 | D:10     | Killed Josephine
 12051 | D:10     | Noticed Gastronok
 12146 | D:10     | Found Tawixa's Distillery.
 12379 | D:9      | Killed Gastronok
 12380 | D:9      | Reached skill level 10 in Fighting
 12408 | D:9      | Killed an unseen horror
 12714 | D:10     | Bought a potion of heal wounds for 55 gold pieces
 12714 | D:10     | Bought a potion of might for 44 gold pieces
 12872 | D:10     | Noticed Joseph
 12906 | D:10     | Killed Joseph
 12907 | D:10     | Reached skill level 10 in Invocations
 13480 | D:11     | Gained mutation: You have claws for hands. [demonic
                  | ancestry]
 13480 | D:11     | Reached XP level 12. HP: 98/98 MP: 19/19
 13513 | D:11     | Reached skill level 1 in Shields
 13540 | D:11     | Noticed a boulder beetle
 13554 | D:11     | Killed a boulder beetle
 13555 | D:11     | Reached skill level 10 in Long Blades
 13661 | D:11     | Found a staircase to the Orcish Mines.
 14969 | D:12     | Noticed a boulder beetle
 14998 | D:12     | Killed a boulder beetle
 14999 | D:12     | Reached skill level 11 in Fighting
 15268 | D:12     | Noticed a two-headed ogre
 15282 | D:12     | Killed a two-headed ogre
 15572 | D:12     | Found a shimmering blue altar of Sif Muna.
 15708 | D:13     | Noticed Erolcha
 15726 | D:13     | Killed Erolcha
 16084 | D:13     | Noticed a centaur warrior
 16084 | D:13     | Noticed Snorg
 16088 | D:13     | Killed a centaur warrior
 16095 | D:13     | Killed Snorg
 16140 | D:13     | Noticed a yaktaur captain
 16171 | D:13     | Killed a yaktaur captain
 16414 | D:13     | Found a gate to the Vaults.
 16787 | D:13     | Reached XP level 13. HP: 57/107 MP: 15/20
 16975 | D:14     | Reached skill level 10 in Dodging
 17269 | D:13     | Reached skill level 12 in Fighting
 17541 | D:14     | Found a sparkling altar of Nemelex Xobeh.
 17686 | D:14     | Found a sacrificial altar of Ru.
 18054 | D:14     | Found Manuc's Weapon Shoppe.
 18327 | D:14     | Noticed a fire dragon
 18352 | D:14     | Killed a fire dragon
 18841 | D:15     | Entered Level 15 of the Dungeon
 19025 | D:15     | Reached skill level 13 in Fighting
 19206 | D:15     | Noticed a dire elephant
 20530 | D:15     | Reached XP level 14. HP: 28/119 MP: 8/21
 21340 | D:15     | Found a staircase to the Depths.
 21406 | D:15     | Reached skill level 14 in Fighting
 21613 | D:15     | Got a smoking helmet
 21614 | D:15     | Identified the -4 helmet of Hide-and-Seek {Will++} (You
                  | found it on level 15 of the Dungeon)
 22078 | Orc:1    | Entered Level 1 of the Orcish Mines
 22196 | Orc:1    | Found Byroox's Armour Shoppe.
 22538 | Orc:2    | Entered Level 2 of the Orcish Mines
 22661 | Orc:2    | Found a roughly hewn altar of Beogh.
 23383 | Orc:2    | Noticed an orc warlord
 23488 | Orc:1    | Killed an orc warlord
 24235 | Orc:2    | Found a staircase to the Elven Halls.
 24449 | Orc:2    | Found Esupny's Antique Armour Emporium.
 24608 | Orc:2    | Found Lahaw's Antique Armour Boutique.
 24609 | Orc:2    | Found Jaluo's Antique Weapon Shop.
 24610 | Orc:2    | Found Hiucko Mikirr's General Store.
 24610 | Orc:2    | Found Teutecef's Book Boutique.
 24624 | Orc:2    | Bought a pair of heavily runed boots for 285 gold pieces
 24625 | Orc:2    | Identified the +1 pair of boots "Aweots" {Slay+3} (You
                  | bought it in a shop on level 2 of the Orcish Mines)
 24910 | Lair:1   | Entered Level 1 of the Lair of Beasts
 24950 | Lair:1   | Found a gate leading to a gauntlet.
 24966 | Gauntlet | Entered a Gauntlet
 24966 | Gauntlet | Found a transporter.
 24966 | Gauntlet | Found a transporter.
 24966 | Gauntlet | Found a transporter.
 24986 | Gauntlet | Found a transporter.
 24998 | Gauntlet | Found a transporter.
 25017 | Gauntlet | Found a transporter.
 25023 | Gauntlet | Found a transporter.
 25031 | Gauntlet | Found a transporter.
 25053 | Gauntlet | Found a transporter.
 25057 | Gauntlet | Found a transporter.
 25075 | Gauntlet | Found a transporter.
 25104 | Gauntlet | Found a transporter.
 26938 | Lair:2   | Found a hole to the Spider Nest.
 27723 | Lair:3   | Reached skill level 15 in Fighting
 27737 | Lair:3   | Reached XP level 15. HP: 89/129 MP: 19/22
 28952 | Lair:4   | Found a staircase to the Shoals.
 29733 | Lair:5   | Found a staircase to the Slime Pits.
 30132 | Lair:5   | Got faintly humming shadow dragon scales
 30133 | Lair:5   | Identified the cursed +1 shadow dragon scales of
                  | Existentialism {Dex+3 Stlth++++} (You found it on level 5
                  | of the Lair of Beasts)
 30218 | Lair:5   | Reached skill level 16 in Fighting
 30376 | Lair:5   | Identified a scroll of acquirement
 31124 | Spider:1 | Entered Level 1 of the Spider Nest
 31473 | Lair:2   | Reached skill level 10 in Armour
 32142 | Spider:1 | HP: 6/131 [poisoned by a redback]
 32727 | Spider:1 | HP: 6/132 [jumping spider (15)]
 32727 | Spider:1 | Mangled by a moth of wrath

Illustrated notes

Levels and vault maps discovered:
D:1:      evilmike_arrival_rings, layout_loops_ring, minmay_misc_feat_doors
D:2:      layout_basic, general_overflow_altar, lemuel_doored_altar
D:3:      minmay_inner_zag, layout_basic,
          chequers_ecumenical_altar_simple_redux, minmay_ruptured
D:4:      minmay_goblin_kobold_castle, layout_rooms, temple_doors_e,
          serial_shops, nicolae_shop_stone, gammafunk_ghost_smash,
          chequers_serial_rivers_small_a, minivault_5
D:5:      layout_gridville, nzn_hepliaklqana_mist_gate, kennysheep_mini
D:6:      kennysheep_kobold_camp, layout_gridville, marbit_many_paths,
          kennysheep_slug_shrine, uniq_eustachio
D:7:      layout_loops_cross, amethyst_overflow_temple_binary, serial_shops,
          nicolae_shop_waterfront, shop_coins, shop, nicolae_shop_statue_plus,
          uniq_duvessa
D:8:      layout_loops_ring, dpeg_lair_monsters, fountainhead, uniq_maurice
D:9:      layout_loops_cross, okawaru_altar_gauntlet_db, serial_shops,
          nicolae_shop_statue_plus, nicolae_shop_waterfront,
          kennysheep_little_box, uniq_harold
D:10:     layout_cross, serial_gnoll_camp, gnoll_camp_medium_02,
          gnoll_camp_mini_sergeant, gnoll_camp_mini_house,
          gnoll_camp_huts_basic, serial_shops, shop, minmay_misc_feat_square,
          uniq_joseph, uniq_gastronok, uniq_josephine
D:11:     layout_stronghold, erik_orc_3
D:12:     layout_cave_pools, lemuel_blue_sif_altar
D:13:     layout_roguey, david_vaults_2, uniq_snorg, uniq_erolcha
D:14:     layout_roguey, minmay_staircase_bubble, serial_shops,
          nicolae_shop_waterfront, basic_altar, chequers_serial_rivers_micro_b,
          nicolae_ru_awakened_eye
D:15:     hangedman_depths_entry_try_elsewhere_first, layout_irregular_city,
          chequers_serial_rivers_micro_c, portal_ice_cave_demonic_guard
Lair:1:   layout_cellular_growth, gauntlet_entry_generic, grunt_megastairs_1
Lair:2:   layout_regular_city, spider_nest_entry_rubble
Lair:3:   layout_roguey
Lair:4:   layout_roguey, minmay_shoals_entry_beasts, grunt_megastairs_2
Lair:5:   layout_concentric_octagons, minmay_slime_entry_pillars,
          minmay_lair_oklob_chamber, serial_bayou_shore_a
Spider:1: layout_spider_delve, nicolae_spider_webbed_stairs
Orc:1:    layout_caves, serial_shops, shop_fountains, nicolae_orc_crystal_geode
Orc:2:    st_orc_congregation, layout_caves, serial_shops, shop,
          minmay_orc_temple_b

Skill      XL: |  1  2  3  4  5  6  7  8  9 10 11 12 13 14 15 |
---------------+----------------------------------------------+-----
Long Blades    | 3 4 5 6 7 8 9 11 12 14 | 14.0
Armour         | 1 2 3 4 5 7 10 | 10.3
Fighting       | 3 4 5 6 8 9 10 11 13 15 16 | 16.3
Unarmed Combat | 1 2 |  2.0
Dodging        | 4 5 7 8 9 10 | 10.0
Invocations    | 1 5 8 10 | 10.0
Shields        | 4 |  4.0
Throwing       | |  1.7

Action                   |  1- 3 |  4- 6 |  7- 9 | 10-12 | 13-15 || total
-------------------------+-------+-------+-------+-------+-------++-------
Melee: Long sword        |   107 |   178 |   597 |   990 |  1868 ||  3740
       Falchion          |       |    12 |       |       |       ||    12
       Punch             |       |     3 |     4 |     6 |       ||    13
Throw: Throwing net      |     1 |       |     2 |     4 |     5 ||    12
       Javelin           |     1 |       |     1 |     2 |     7 ||    11
Invok: Elemental Force   |       |       |     2 |       |     1 ||     3
       Upheaval          |       |       |       |    10 |    58 ||    68
Evoke: Wand              |       |       |     1 |    15 |    23 ||    39
  Use: Potion            |       |     1 |     2 |     3 |    11 ||    17
       Scroll            |       |     6 |     5 |     6 |    14 ||    31
 Stab: Held in net/web   |       |       |     1 |     8 |     1 ||    10
       Paralysed         |       |       |       |    12 |    10 ||    22
Armor: Scale mail        |    47 |    82 |   226 |   379 |   313 ||  1047
       Shadow dragon sca |       |       |       |       |   214 ||   214
Dodge: Dodged            |    68 |   109 |   373 |   665 |  1035 ||  2250
       Repelled          |       |       |     1 |       |     3 ||     4
Block: Other             |       |     5 |   115 |   130 |       ||   250
       Buckler           |       |       |       |   302 |   839 ||  1141
       Rpst.: Long sword |    28 |    36 |   118 |   153 |   226 ||   561
       Falchion          |       |     3 |       |       |       ||     3
